 Dungeon Crawl Stone Soup version 0.20.0-15-g7f486f2 (webtiles) character file.

52 sagitran the Skirmisher (level 3, -1/42 HPs)
             Began as a Demonspawn Wanderer on June 12, 2017.
             Slain by an adder (2 damage)
             ... on level 2 of the Dungeon.
             The game lasted 00:22:06 (1485 turns).

sagitran the Skirmisher (Demonspawn Wanderer)       Turns: 1485, Time: 00:22:07

Health: -1/42      AC: 21    Str: 15    XL:     3   Next: 60%
Magic:  3/3        EV:  2    Int: 16    God:
Gold:   126        SH:  0    Dex: 12    Spells: 2/2 levels left

rFire    . . .     SeeInvis .   a - +2 quarterstaff
rCold    . . .     Gourm    .   (shield currently unavailable)
rNeg     + + +     Faith    .   (armour currently unavailable)
rPois    +         Spirit   .   (helmet currently unavailable)
rElec    .         Reflect  .   (cloak currently unavailable)
rCorr    .         Harm     .   (gloves currently unavailable)
MR       .....     NoTele   +   (boots currently unavailable)
Stlth    ++........             (no amulet)
Regen    0.2/turn               (no ring)
MPRegen  0.1/turn               (no ring)

@: mighty, tree-form
A: rot immunity
a: no special abilities


You were on level 2 of the Dungeon.
You were not hungry.
You were a tree.
You visited 1 branch of the dungeon, and saw 2 of its levels.

You collected 126 gold pieces.

Inventory:

Hand Weapons
 a - a +2 quarterstaff (weapon)
 o - a +0 hand crossbow
Armour
 c - a +0 robe (melded)
 q - a +0 pair of gloves (melded)
Scrolls
 b - 2 scrolls of teleportation
 e - a scroll of enchant armour {unknown}
 g - a scroll of identify {unknown}
 i - a scroll of fog
 n - a scroll of remove curse {unknown}
Potions
 h - a potion of heal wounds {unknown}
 k - a potion of haste {unknown}
 m - a potion of flight
Comestibles
 d - a bread ration
 f - 2 royal jellies
 j - a meat ration


   Skills:
 + Level 2.8 Fighting
   Level 1.7(2.5) Maces & Flails
 + Level 2.8(3.1) Staves
 + Level 1.0 Throwing
 + Level 1.0 Armour
 + Level 0.5 Dodging
 + Level 1.2 Stealth
   Level 1.0 Shields


You had 2 spell levels left.
You didn't know any spells.

Dungeon Overview and Level Annotations

Branches:
Dungeon (2/15)

Altars:

Annotations:
D:2 Sigmund


Innate Abilities, Weirdness & Mutations

You are immune to rotting.


Message History

The adder is lightly wounded.
The adder closely misses you. The adder bites you but does no damage.
You miss the adder.
The adder is lightly wounded.
The adder barely misses you. The adder misses you.
A magic dart appears from out of thin air!
The magic dart hits you!
* * * LOW HITPOINT WARNING * * *
The adder barely misses you. The adder bites you but does no damage.
You turn into a tree.
Your +0 pair of gloves melds into your body.
Your +0 robe melds into your body.
Your roots penetrate the ground.
Something tries to affect you, but you resist.
The adder bites you but does no damage. x2
It was a potion of flight.
Your roots keep you in place.
The adder bites you but does no damage. The adder barely misses you.
It was a potion of might.
You feel very mighty all of a sudden. The adder bites you.
You die...

#...###. .........
##.## ###.#####... ..
... #... .## ### ####
## ###### ###########
###.....
#....S♣...######...####
#....S...........###
#.........########
#.........# ###########


You could see 2 adders.

Vanquished Creatures
  An adder (D:2)
  A dart slug (D:2)
  A worm (D:2)
  A leopard gecko (D:2)
  7 bats
  2 giant cockroaches
  5 hobgoblins
  3 kobolds (D:1)
  A quokka (D:2)
  2 ball pythons
  4 frilled lizards
  5 goblins
  3 rats
36 creatures vanquished.

Notes
Turn   | Place    | Note
-------+----------+-------------------------------------------
     0 | D:1      | sagitran the Demonspawn Wanderer began the quest for the Orb.
     0 | D:1      | sagitran set off with: a +2 quarterstaff, 2 scrolls of teleportation, a +0 robe, a bread ration
     0 | D:1      | Reached XP level 1. HP: 16/16 MP: 1/1
   263 | D:1      | Gained mutation: You are immune to rotting. [demonic ancestry]
   263 | D:1      | Reached XP level 2. HP: 3/23 MP: 2/2
  1128 | D:2      | Reached XP level 3. HP: 16/28 MP: 3/3
  1415 | D:2      | Noticed Sigmund
  1482 | D:2      | HP: 1/28 [something/magic dart (6)]
  1485 | D:2      | Slain by an adder

Skill      XL: |  1 |
---------------+----+-----
Staves         | 2 |  2.8
Fighting       | |  2.8
Maces & Flails | |  1.7
Throwing       | |  1.0
Armour         | |  1.0
Dodging        | |  0.5
Stealth        | |  1.2
Shields        | |  1.0

Action                   || total
-------------------------++-------
Melee: Quarterstaff      ||    93
  Use: Scroll            ||     1
       Potion            ||     4
 Stab: Sleeping          ||     3
  Eat: Bread ration      ||     1
Armor: Robe              ||    36
       Skin              ||     3
Dodge: Dodged            ||    66
